 Dungeon Crawl Stone Soup version 0.25-a0-420-g1cc7eeb0d1 (webtiles) character file.

Game seed: 7072932882879255823, levelgen mode: deterministic

332 Kohma the Chopper (level 6, -14/56 HPs)
             Began as a Hill Orc Abyssal Knight on Jan 19, 2020.
             Was a Believer of Lugonu.
             Demolished by an ogre
             ... wielding a +0 giant club
              (26 damage)
             ... on level 4 of the Dungeon.
             The game lasted 00:09:26 (3928 turns).

Kohma the Chopper (Hill Orc Abyssal Knight)         Turns: 3928, Time: 00:09:27

Health: -14/56     AC: 10    Str: 22    XL:     6   Next: 52%
Magic:  9/9        EV:  8    Int: 12    God:    Lugonu [**....]
Gold:   225        SH:  0    Dex: 10    Spells: 5/5 levels left

rFire    . . .     SeeInvis .   a - +1 hand axe
rCold    . . .     Gourm    .   (no shield)
rNeg     . . .     Faith    .   j - +0 chain mail
rPois    .         Spirit   .   (no helmet)
rElec    .         Reflect  .   r - +0 cloak
rCorr    .         Harm     .   (no gloves)
MR       .....                  (no boots)
Stlth    ..........             (no amulet)
HPRegen  0.18/turn              (no ring)
MPRegen  0.11/turn              (no ring)

@: mighty
A: no striking features
a: Depart the Abyss, Bend Space, Renounce Religion


You were on level 4 of the Dungeon.
You worshipped Lugonu.
Lugonu was pleased with you.
You were not hungry.

You visited 1 branch of the dungeon, and saw 4 of its levels.
You visited the Abyss 1 time.

You collected 225 gold pieces.

Inventory:

Hand Weapons
 a - a +1 hand axe (weapon)
 p - a +0 flail of holy wrath
 s - a +1 dagger of venom
Missiles
 k - 14 poisoned darts (quivered)
Armour
 j - a +0 chain mail (worn)
 r - a +0 cloak (worn)
Jewellery
 h - an uncursed amulet of rage {unknown}
Scrolls
 e - a scroll of teleportation {unknown}
 g - a scroll of remove curse {unknown}
 l - 2 scrolls of blinking {unknown}
 n - a scroll of enchant armour {unknown}
 o - a scroll of amnesia {unknown}
Potions
 d - 3 potions of heal wounds {unknown}
 f - a potion of haste {unknown}
 i - a potion of agility {unknown}
 m - 2 potions of ambrosia {unknown}
 q - a potion of curing {unknown}
Comestibles
 c - 8 rations
 t - a chunk of flesh


   Skills:
 + Level 5.0 Fighting
 * Level 5.8 Axes
 + Level 3.7 Armour
 - Level 1.0 Dodging
 + Level 4.4 Invocations


You had 5 spell levels left.
You didn't know any spells.
Your spell library was empty.

Dungeon Overview and Level Annotations

Branches:
Dungeon (4/15)
 Temple: D:4-7

Altars:
Sif Muna


Message History

The adder skeleton is heavily damaged.
You hit the ogre.
The ogre is lightly wounded.
You hit the ogre but do no damage.
The ogre is lightly wounded.
The ogre hits you with a +0 giant club!!
You barely miss the ogre.
The ogre is lightly wounded.
The ogre hits you with a +0 giant club!!
* * * LOW HITPOINT WARNING * * *
Okay, then.
You aren't carrying any items that you can evoke.
You feel very mighty all of a sudden. The ogre barely misses you.
You slash the ogre!
The ogre is moderately wounded.
You barely miss the ogre.
The ogre is moderately wounded.
The ogre hits you with a +0 giant club!!
You die...

## .# ## .###(#. #..
....... #...###
....... ##...
..#....... #...##
.........
####....###.......# #
#..#.....ZO.......#
..#.........#@.......
............#.......|
........).#..........
..........#..........
$.....#..............
###.#................
# #................
#..............).
............


You could see an ogre and an adder skeleton.

Vanquished Creatures
  A phantom (D:3)
  2 orc priests
  An orc wizard (D:3)
  7 gnolls
  3 adders
  7 orcs
  6 bats
  4 giant cockroaches
  6 goblins
  9 hobgoblins
  4 jackals (D:1)
  A quokka (D:2)
  A ball python (D:1)
  6 frilled lizards
  6 kobolds
  A leopard gecko skeleton (D:2)
  6 rats
71 creatures vanquished.

Notes
Turn   | Place    | Note
-------+----------+-------------------------------------------
     0 | Abyss:1  | Kohma the Hill Orc Abyssal Knight began the quest for the
                  | Orb.
     0 | Abyss:1  | Reached XP level 1. HP: 19/19 MP: 2/2
    46 | D:1      | Escaped the Abyss
   142 | D:1      | Reached skill level 1 in Dodging
   142 | D:1      | Reached XP level 2. HP: 22/27 MP: 3/3
   711 | D:1      | Reached XP level 3. HP: 30/33 MP: 5/5
  1707 | D:2      | Reached XP level 4. HP: 40/40 MP: 6/6
  1958 | D:2      | You fall into a shaft and drop 1 floor!
  1976 | D:3      | Reached ** piety under Lugonu
  2017 | D:3      | Reached XP level 5. HP: 32/47 MP: 7/7
  2813 | D:3      | Noticed a phantom
  2869 | D:3      | Killed a phantom
  2869 | D:3      | Reached skill level 5 in Axes
  2869 | D:3      | Reached XP level 6. HP: 48/53 MP: 7/9
  3588 | D:3      | Found a shimmering blue altar of Sif Muna.
  3595 | D:3      | Reached skill level 5 in Fighting
  3928 | D:4      | Demolished by an ogre

Levels and vault maps discovered:
D:1:      dpeg_arrival_arbitrary_c, layout_basic, minmay_heptomino_d4
D:2:      layout_basic, first_ration
D:3:      layout_loops_cross, lemuel_round_altar
D:4:      layout_cave_pools, minmay_temple_entry_grid

Skill      XL: |  1  2  3  4  5  6 |
---------------+-------------------+-----
Dodging        | 1 |  1.0
Axes           | 3 4 5 |  5.8
Fighting       | 4 5 |  5.0
Invocations    | 3 4 |  4.4
Armour         | 3 |  3.7

Action                   |  1- 3 |  4- 6 || total
-------------------------+-------+-------++-------
Melee: Hand axe          |   140 |   163 ||   303
Invok: Bend Space        |       |     1 ||     1
  Use: Potion            |       |     1 ||     1
  Eat: Chunk             |     3 |     7 ||    10
Armor: Leather armour    |    12 |       ||    12
       Chain mail        |    71 |    81 ||   152
Dodge: Dodged            |    60 |    40 ||   100

Table legend:
 A = Non-vault XP
 B = Vault XP
 C = Vault XP percentage of total XP
 D = Non-vault monster count
 E = Vault monster count
 F = Vault count percentage of total count
                 A         B        C        D         E       F
            +---------+---------+-------+---------+---------+-------
      Total |     469 |       6 |   1.3 |      68 |       3 |   4.2
            +---------+---------+-------+---------+---------+-------
        D:1 |      33 |       6 |  15.4 |      23 |       3 |  11.5
        D:2 |     149 |       0 |   0.0 |      22 |       0 |   0.0
        D:3 |     284 |       0 |   0.0 |      22 |       0 |   0.0
        D:4 |       3 |       0 |   0.0 |       1 |       0 |   0.0
            +---------+---------+-------+---------+---------+-------
